 Dungeon Crawl Stone Soup version 0.24.0-1-gfbc8707 (webtiles) character file.

Game seed: 3251108605774455252, levelgen mode: deterministic

995 Minkie the Vexing (level 7, -2/46 HPs)
             Began as a Vampire Enchanter on Nov 10, 2019.
             Was a Follower of Lugonu.
             Killed by divine providence
             ... invoked by an orc priest
              (11 damage)
             ... on level 7 of the Dungeon.
             The game lasted 00:32:57 (5756 turns).

Minkie the Vexing (Vampire Enchanter)               Turns: 5756, Time: 00:32:57

Health: -2/46      AC:  5    Str:  7    XL:     7   Next: 99%
Magic:  3/13       EV: 15    Int: 17    God:    Lugonu [*.....]
Gold:   294        SH:  0    Dex: 17    Spells: 8/14 levels left

rFire    . . .     SeeInvis +   a - +1 dagger
rCold    . . .     Gourm    .   (no shield)
rNeg     . . .     Faith    .   b - +0 robe
rPois    .         Spirit   .   l - +0 helmet
rElec    .         Reflect  .   n - +1 cloak
rCorr    .         Harm     .   (no gloves)
MR       .....                  (no boots)
Stlth    ++++......             (no amulet)
HPRegen  0.35/turn              (no ring)
MPRegen  0.13/turn              (no ring)

@: regenerating quickly
A: no food, fangs 3, see invisible, unbreathing
a: Exsanguinate, Depart the Abyss, Renounce Religion


You were on level 7 of the Dungeon.
You worshipped Lugonu.
Lugonu was aware of your devotion.
You were alive.

You visited 2 branches of the dungeon, and saw 8 of its levels.

You collected 294 gold pieces.

Inventory:

Hand Weapons
 a - a +1 dagger (weapon)
Armour
 b - a +0 robe (worn)
 l - a +0 helmet (worn)
 n - a +1 cloak (worn)
 q - the cursed +0 ring mail of Honour {MR+ Dex+2}
   (You found it on level 6 of the Dungeon)

   It affects your dexterity (+2).
   It affects your resistance to hostile enchantments.
   It has a curse placed upon it.
Scrolls
 d - 2 scrolls of immolation
 f - 2 scrolls of teleportation
 h - 5 scrolls of magic mapping
 j - a scroll of fear
 o - 3 scrolls of remove curse
Potions
 c - a potion of might {unknown}
 g - 2 potions of cancellation
 i - 2 potions of mutation {unknown}
 k - a potion of flight {unknown}
 m - a potion of agility {unknown}
 p - a potion of invisibility {unknown}


   Skills:
 + Level 4.5 Short Blades
 + Level 5.0 Dodging
 - Level 7.1 Stealth
 + Level 4.3 Spellcasting
 + Level 7.5 Hexes


You had 8 spell levels left.
You knew the following spells:

 Your Spells              Type           Power        Failure   Level  Hunger
a - Corona                Hex            ####...      1%          1    N/A
b - Ensorcelled Hibernat  Hex/Ice        ###...       4%          2    N/A
c - Confuse               Hex            ####....     1%          3    N/A

Your spell library contained the following spells:

 Spells                   Type           Power        Failure   Level  Hunger
 Tukima's Dance           Hex            ####....     1%          3    N/A
 Dazzling Spray           Conj/Hex       ###...       10%         3    N/A

Dungeon Overview and Level Annotations

Branches:
Dungeon (7/15)             Temple (1/1) D:6

Altars:
Ashenzari
Gozag
Hepliaklqana
Kikubaaqudgha
Nemelex Xobeh
Okawaru
Qazlal
Ru
Sif Muna
Trog
Vehumet
Xom
Yredelemnul
The Shining One
Lugonu

Shops:
D:6 *


Innate Abilities, Weirdness & Mutations

You do not eat.
Your natural rate of healing is unusually fast.
You have razor-sharp teeth.
You have supernaturally acute eyesight. (SInv)
You can survive without breathing.


Message History

The howler monkey hoots and howls with incredible vigour!
You hit the orc priest.
The orc priest is moderately wounded.
You closely miss the orc priest.
The orc priest is moderately wounded.
The orc priest hits you but does no damage.
You hit the orc priest but do no damage.
Your bite misses the orc priest.
The orc priest is moderately wounded.
The orc priest hits you but does no damage.
You hit the orc priest.
The orc priest is heavily wounded.
The orc priest invokes the aid of Beogh against you.
Beogh smites you!
* * * LOW HITPOINT WARNING * * *
You hit the orc priest but do no damage.
The orc priest is heavily wounded.
The orc priest invokes the aid of Beogh against you.
Beogh smites you!
You die...

###..####............###..##.#
##....>...........####..##.#
#..######.####............#
#..# #.# ########..#### #..#
#.# #...... #..# #.# #.#####
...# #)# #<..... ...##
#.######⌠. ####### ..##
#.@ooh..._ ########⌠.


You could see a howler monkey, an orc priest and an orc.

Vanquished Creatures
  An ice beast (D:7)
  A black bear (D:6)
  A wyvern zombie (D:6)
  A scorpion (D:4)
  A wight (D:6)
  A howler monkey (D:4)
  An electric eel (D:6)
  A crimson imp (D:6)
  A jelly (D:5)
  An orc priest (D:3)
  Crazy Yiuf (D:3)
  2 hounds
  An iguana (D:4)
  2 orc wizards (D:6)
  3 worker ants
  A worker ant zombie (D:5)
  7 adders
  2 oozes
  An adder skeleton (D:4)
  An adder zombie (D:5)
  5 worms
  13 dart slugs
  7 leopard geckos
  10 orcs
  A ball python (D:3)
  7 bats
  5 giant cockroaches
  2 gnoll zombies (D:4)
  4 goblins
  8 hobgoblins
  19 jackals
  5 kobolds
  2 quokkas
  4 frilled lizards
  A jackal skeleton (D:5)
  4 rats
128 creatures vanquished.

Notes
Turn   | Place    | Note
-------+----------+-------------------------------------------
     0 | D:1      | Minkie the Vampire Enchanter began the quest for the Orb.
     0 | D:1      | Reached XP level 1. HP: 13/13 MP: 3/3
   120 | D:1      | Reached XP level 2. HP: 13/19 MP: 5/5
   152 | D:1      | Learned a level 2 spell: Ensorcelled Hibernation
   417 | D:1      | Reached XP level 3. HP: 24/24 MP: 6/6
   558 | D:1      | Reached skill level 5 in Stealth
   760 | D:1      | Reached skill level 5 in Hexes
  1131 | D:2      | Reached XP level 4. HP: 18/30 MP: 7/7
  2028 | D:3      | Reached XP level 5. HP: 35/35 MP: 2/9
  2093 | D:3      | Found an opulent altar of Gozag.
  2676 | D:3      | Found a runed translucent door.
  2677 | D:3      | Noticed Crazy Yiuf
  2684 | D:3      | Killed Crazy Yiuf
  2809 | D:3      | Learned a level 3 spell: Confuse
  2853 | D:4      | Reached XP level 6. HP: 37/41 MP: 10/10
  3028 | D:4      | Found a basalt altar of Yredelemnul.
  3208 | D:4      | HP: 2/41 [iguana (14)]
  3434 | D:5      | Entered Level 5 of the Dungeon
  4135 | D:6      | Reached XP level 7. HP: 46/46 MP: 12/12
  4660 | D:6      | Found a staircase to the Ecumenical Temple.
  4692 | Temple   | Entered the Ecumenical Temple
  4819 | Temple   | Became a worshipper of Lugonu the Unformed
  4819 | Temple   | Reached * piety under Lugonu
  4888 | D:6      | Found Xyvef's General Store.
  5201 | D:6      | Found a radiant altar of Vehumet.
  5201 | D:6      | Found an ancient bone altar of Kikubaaqudgha.
  5259 | D:6      | Got a shimmering ring mail
  5260 | D:6      | Identified the cursed +0 ring mail of Honour {MR+ Dex+2}
                  | (You found it on level 6 of the Dungeon)
  5636 | D:7      | Reached skill level 5 in Dodging
  5738 | D:7      | Found a sparkling altar of Nemelex Xobeh.
  5756 | D:7      | Killed from afar by an orc priest

Levels and vault maps discovered:
D:1:      psy_arrival_dodecagon, layout_basic
D:2:      layout_loops_ring, first_ration, minmay_misc_feat_encased
D:3:      layout_loops_cross, lemuel_coloured_pillars_altar,
          uniq_crazy_yiuf_cottage
D:4:      layout_gridville, lemuel_zombie_altar_yredelemnul
D:5:      layout_loops_ring
D:6:      kennysheep_slugbush, layout_basic, grunt_temple_overflow_open,
          minmay_temple_entry_sparse_star, serial_shops,
          nicolae_shop_behind_doors, chequers_serial_rivers_small_b,
          minmay_fractal_squares_gapless_5
D:7:      layout_loops_ring, slow_altar_2, nemelex_xobeh_ov_fountains_minmay,
          minmay_overflow_temple_star_hex, gammafunk_ghost_necromancy,
          grunt_ogre_cave, minivault_11, minmay_joined_circles
Temple:   kb_corrupted_temple

Skill      XL: |  1  2  3  4  5  6  7 |
---------------+----------------------+-----
Stealth        | 5 6 7 |  7.1
Hexes          | 5 6 7 |  7.5
Short Blades   | 2 3 4 |  4.5
Dodging        | 3 4 5 |  5.0
Spellcasting   | 3 4 |  4.3

Action                   |  1- 3 |  4- 6 |  7- 9 || total
-------------------------+-------+-------+-------++-------
Melee: Dagger            |   226 |   212 |   157 ||   595
       Bite              |    16 |    15 |    23 ||    54
 Cast: Ensorcelled Hiber |     6 |    16 |    23 ||    45
       Confuse           |       |     2 |     8 ||    10
       Corona            |       |     1 |     8 ||     9
  Use: Scroll            |       |     5 |     7 ||    12
       Potion            |       |     1 |       ||     1
 Stab: Sleeping          |     6 |    29 |    19 ||    54
       Confused          |       |     2 |     2 ||     4
Armor: Robe              |    30 |    31 |    21 ||    82
Dodge: Dodged            |   139 |   120 |    86 ||   345
